[Event "NED-ch U16 Youth 2019"]
[Site "Assen"]
[Date "2019.04.30"]
[Round "3.3"]
[White "Shakhverdian, William"]
[Black "Grutter, Tim"]
[Result "1/2-1/2"]
[ECO "B48"]
[WhiteElo "1949"]
[BlackElo "2029"]
[Annotator "NA"]
[PlyCount "111"]
[EventDate "2019.04.28"]
[EventType "swiss"]
[EventCountry "NED"]
[SourceTitle "playchess.com"]
[Source "ChessBase"]
[SourceQuality "1"]
[TimeControl "40/5400+30:1800+30"]

1. e4 c5 2. Nf3 e6 3. d4 cxd4 4. Nxd4 Nc6 5. Nc3 Qc7 6. Be3 a6 7. Qf3 {[%emt 0:00:20] B48: Sicilian: Taimanov: 5 Nc3 Qc7 6 Be3 a6 without Be2} Bd6 (7... Nf6 8. O-O-O Ne5 9. Qg3 b5 10. f4 Neg4 11. Bd2 b4 12. Na4 h5 13. Bd3 d5 14. e5 Ne4 15. Bxe4 dxe4 {½-½ (48) Caruana,F (2832)-Shankland,S (2724) Germany 2019}) 8. O-O-O Be5 9. Nxc6 bxc6 10. Bd4 Bxd4 11. Rxd4 Ne7 12. Qg3 Qxg3 13. hxg3 d5 {[%emt 0:05:47] [#]} 14. Rd2 $146 ({Predecessor:} 14. Na4 e5 {1-0 (41) Grigoryan,K (2544)-Miladinovic,I (2545) Kragujevac 2016}) 14... a5 15. exd5 cxd5 16. Bb5+ Bd7 17. g4 a4 18. Rd4 Bxb5 19. Nxb5 Kd7 20. Nc3 a3 21. b3 e5 (21... h6 $11 {remains equal.}) 22. Ra4 (22. Rb4 $16) 22... Rxa4 23. Nxa4 Kc6 24. Nc3 h6 25. Nb1 Ra8 26. Re1 f6 27. c3 Ng6 28. Kc2 Kb5 29. Rd1 Ne7 30. g3 Kc6 31. b4 Nc8 32. Kb3 Nd6 33. Nxa3 Ne4 $14 34. f3 Nxg3 35. Nc2 h5 36. gxh5 Nxh5 37. a4 Nf4 38. b5+ Kc5 39. Nb4 Rc8 40. b6 Kxb6 41. Nxd5+ Nxd5 42. Rxd5 Kc6 43. Kc4 Rh8 44. Rc5+ Kd6 45. Rd5+ Kc6 46. Rc5+ Kd6 47. Rd5+ Ke6 48. Rd3 f5 49. a5 g5 50. Kc5 e4 51. fxe4 fxe4 52. Rd5 Ra8 53. Kd4 e3 54. Rxg5 e2 55. Re5+ Kd6 56. Rxe2 1/2-1/2

[Event "NED-ch U16 Youth 2019"]
[Site "Assen"]
[Date "2019.04.30"]
[Round "3.5"]
[White "Albers, Sasa"]
[Black "Roothaan, Elmar"]
[Result "1-0"]
[ECO "B20"]
[WhiteElo "1690"]
[BlackElo "1711"]
[Annotator "NA"]
[PlyCount "95"]
[EventDate "2019.04.28"]
[EventType "swiss"]
[EventCountry "NED"]
[SourceTitle "playchess.com"]
[Source "ChessBase"]
[SourceQuality "1"]
[TimeControl "40/5400+30:1800+30"]

1. e4 b6 2. g3 Bb7 3. Bg2 c5 4. d3 e6 5. Nd2 Be7 6. Ngf3 Nc6 7. O-O Nf6 8. e5 Nd5 9. c4 Nc7 10. Ne4 d5 11. exd6 Bxd6 12. Nxd6+ Qxd6 13. Bf4 Qd7 14. Ne5 Nxe5 15. Bxb7 Rb8 16. Bxe5 Rxb7 17. Bxg7 Rg8 18. Bc3 Qc6 19. Qh5 Rb8 20. Rfe1 Rd8 21. Re3 Rg6 22. Qxh7 Ke7 23. Rae1 Ne8 24. Re4 Nd6 25. Rf4 Rdg8 26. Re3 Kf8 27. Qh4 Qd7 28. Qh3 Nf5 29. Re1 Rh6 30. Qg2 f6 31. Qe4 Kf7 32. Rg4 Rgh8 33. h4 Re8 34. d4 cxd4 35. Bxd4 e5 36. Be3 Nxe3 37. Qxe3 Qxg4 38. Qxh6 Qxc4 39. Rc1 Qa4 40. b3 Qe4 41. h5 Re7 42. Qh8 Rd7 43. h6 Qg4 44. Qh7+ Ke6 45. Rc6+ Kd5 46. Qc2 f5 47. Rf6 f4 48. Qc4# 1-0

[Event "NED-ch U16 Youth 2019"]
[Site "Assen"]
[Date "2019.04.30"]
[Round "3.6"]
[White "Van der Schaaf, Tristan"]
[Black "Gevorkjan, Lewon"]
[Result "1-0"]
[ECO "E12"]
[WhiteElo "1807"]
[BlackElo "1808"]
[Annotator "NA"]
[PlyCount "214"]
[EventDate "2019.04.28"]
[EventType "swiss"]
[EventCountry "NED"]
[SourceTitle "playchess.com"]
[Source "ChessBase"]
[SourceQuality "1"]
[TimeControl "40/5400+30:1800+30"]

1. d4 e6 2. c4 b6 3. Nc3 Bb7 4. Nf3 Nf6 5. Qc2 c5 6. e4 cxd4 {[%emt 0:02:05] E12: Queen's Indian: Unusual White 4th moves, 4 a3, 4 Nc3 Bb7 5 a3 and 4 Nc3 Bb7} 7. Nxd4 Bc5 (7... Bb4 8. f3 O-O 9. Bg5 Qc7 10. a3 Be7 11. Rd1 a6 12. Be2 d6 13. O-O Nbd7 14. Be3 Rac8 15. Rc1 Rfe8 {0-1 (46) Jakovenko,D (2713)-Vallejo Pons,F (2706) Khanty-Mansiysk 2013}) 8. Nb3 Nc6 9. Bg5 $146 ({Predecessor:} 9. Bd3 O-O 10. O-O Rc8 11. Qe2 e5 12. Be3 d6 13. Rad1 Ne8 14. Nd5 {0-1 (33) Short,P (2309)-Brady,S (2384) Dublin 2009}) 9... h6 10. Bh4 Be7 11. Be2 O-O 12. O-O Rc8 13. f3 Ba6 (13... Ne5 $15 14. Nd2 {[#]} b5 $1 ) 14. Nb5 (14. f4 $11) 14... Bxb5 15. cxb5 Ne5 16. Qd1 Ng6 17. Bf2 Nf4 18. Nd4 (18. Bd4 $11) 18... Bc5 19. a3 Ne8 ({Black should try} 19... Qc7 $17 20. b4 Bxd4 21. Bxd4 e5) 20. b4 Qg5 21. g3 $1 Nh3+ 22. Kg2 Nxf2 (22... Bxd4 $5 23. Bxd4 Nf4+ 24. Kh1 Nxe2 25. Qxe2 Nc7 $11) 23. Rxf2 Bxd4 $1 24. Qxd4 Nc7 25. f4 Qe7 $11 26. a4 d5 27. e5 Qd7 28. Bd3 g6 29. Rc1 Na8 30. Qb2 Rcd8 31. Rc6 Qe7 32. Rfc2 Rfe8 33. Rc1 Qf8 34. Qd4 Qg7 35. h3 Kh8 36. a5 Qf8 37. g4 Qe7 38. Kh2 Rg8 39. Rd6 h5 40. Kg3 Kh7 41. Rxd8 Qxd8 42. gxh5 Kg7 43. hxg6 Rh8 44. Rh1 fxg6 45. h4 Qc7 46. Rg1 Kf7 47. Kf3 Rxh4 48. Bxg6+ Kf8 49. axb6 axb6 50. Ra1 Qc8 51. Ra7 Qc1 52. Ra1 Qc8 53. Kg3 Rh6 54. Qd3 Rxg6+ 55. Qxg6 Qc3+ 56. Kg4 Qxa1 57. Qf6+ Kg8 58. Qxe6+ Kg7 59. Qe7+ Kh6 60. Qg5+ Kh7 61. Qe7+ Kh6 62. Qg5+ Kh7 63. Kf5 Qa7 64. Kf6 Kh8 65. e6 Qh7 66. e7 Nc7 67. Ke5 Qe4+ 68. Kd6 Ne8+ 69. Kd7 Ng7 70. Qh6+ Kg8 71. Qxb6 Qf5+ 72. Kd8 Qf7 73. Qc6 Kh7 74. e8=Q Nxe8 75. Qxe8 Qxe8+ 76. Kxe8 d4 77. b6 d3 78. b7 d2 79. b8=Q d1=Q 80. Qc7+ Kh8 81. Kf8 Qg4 82. Qe5+ Kh7 83. Qe7+ Kh8 84. Qf6+ Kh7 85. Qe7+ Kh8 86. Qe5+ Kh7 87. Qc7+ Kh8 88. Qc3+ Kh7 89. Qc2+ Kh6 90. Qc6+ Kh7 91. Qe4+ Kh6 92. Qh1+ Kg6 93. Qe4+ Kh6 94. Ke7 Qg7+ 95. Kd6 Qf8+ 96. Kd5 Qa8+ 97. Kd4 Qa7+ 98. Kc4 Qc7+ 99. Kb5 Qb8+ 100. Ka4 Qa7+ 101. Kb3 Qf7+ 102. Qc4 Qf5 103. Qc6+ Kg7 104. Qc7+ Kh6 105. Qd6+ Kh7 106. Qe7+ Kh6 107. Qc7 Qf7+ 1-0

[Event "NED-ch U16 Youth 2019"]
[Site "Assen"]
[Date "2019.04.30"]
[Round "3.8"]
[White "Honkoop, Gilian"]
[Black "Broersma, Sven"]
[Result "1-0"]
[ECO "A45"]
[WhiteElo "2038"]
[BlackElo "1617"]
[Annotator "NA"]
[PlyCount "43"]
[EventDate "2019.04.28"]
[EventType "swiss"]
[EventCountry "NED"]
[SourceTitle "playchess.com"]
[Source "ChessBase"]
[SourceQuality "1"]
[TimeControl "40/5400+30:1800+30"]

1. d4 Nf6 2. Bf4 g6 3. Nc3 d5 4. e3 Bg7 5. h4 h5 (5... c6 6. Be2 h5 7. Nf3 Bg4 8. Ne5 Bxe2 9. Qxe2 Nbd7 10. O-O-O Rc8 11. f3 {0-1 (60) Nabaty,T (2692)-Rodshtein,M (2674) Czech Republic 2019}) 6. Nf3 {[%emt 0:02:43] A45: Trompowsky Attack} O-O 7. Ne5 c5 8. Qd2 cxd4 9. exd4 Nc6 10. Be2 Qb6 $146 ({Predecessor:} 10... Be6 11. O-O {0-1 (29) Juknis,P (2260)-Niekras,D (2351) Warsaw 2018}) 11. O-O-O Rd8 12. f3 Be6 13. Nxc6 Qxc6 14. g4 a6 15. Be5 hxg4 {[%emt 0:04:08] [#]} 16. fxg4 (16. h5 $1 $16 ) 16... Bxg4 $2 (16... Nxg4 $14 17. Bxg7 Kxg7) 17. Bxf6 $1 Bxe2 {[%emt 0:00:11] [#]} 18. Bxg7 $1 Bxd1 19. Qh6 f5 20. Rxd1 $18 (20. Re1 $142 Rd7 21. Be5 e6 22. Rxd1 Kf7 23. Qg7+ Ke8 24. Qg8+ Ke7 25. Qg7+ Ke8 26. Qh8+ Kf7 27. Qxa8) 20... Rac8 21. Rg1 Rd6 22. Be5 1-0

[Event "NED-ch U16 Youth 2019"]
[Site "Assen"]
[Date "2019.05.01"]
[Round "4.1"]
[White "Bruil, Rembrandt"]
[Black "Van der Schaaf, Tristan"]
[Result "1-0"]
[ECO "E37"]
[WhiteElo "2178"]
[BlackElo "1807"]
[Annotator "NA"]
[PlyCount "69"]
[EventDate "2019.04.28"]
[EventType "swiss"]
[EventCountry "NED"]
[SourceTitle "playchess.com"]
[Source "ChessBase"]
[SourceQuality "1"]
[TimeControl "40/5400+30:1800+30"]

1. d4 Nf6 2. Nf3 e6 3. c4 b6 4. Nc3 Bb4 5. Qc2 Bb7 6. a3 Bxc3+ 7. Qxc3 Ne4 8. Qc2 O-O 9. e3 d5 10. Bd3 f5 11. O-O Nd7 12. b4 c5 13. Bb2 Rc8 $11 14. Qe2 Qe7 15. Rfd1 Rfd8 16. bxc5 bxc5 17. Rac1 Nb6 18. Ne5 Rc7 19. f3 Nf6 20. dxc5 Na4 21. cxd5 Bxd5 22. c6 Qe8 23. Bd4 Rb8 24. Bb5 Nb6 25. Nd7 Nfxd7 26. cxd7 Qd8 27. Be5 Rxc1 28. Rxc1 Rb7 29. e4 Nxd7 30. Bxd7 Rxd7 31. exd5 exd5 32. Bd4 Kf7 33. Qe5 Qg5 34. Re1 Re7 35. Qxe7+ 1-0

[Event "NED-ch U16 Youth 2019"]
[Site "Assen"]
[Date "2019.05.01"]
[Round "4.2"]
[White "Grutter, Tim"]
[Black "Elgersma, Onno"]
[Result "1-0"]
[ECO "B15"]
[WhiteElo "2029"]
[BlackElo "2174"]
[Annotator "NA"]
[PlyCount "81"]
[EventDate "2019.04.28"]
[EventType "swiss"]
[EventCountry "NED"]
[SourceTitle "playchess.com"]
[Source "ChessBase"]
[SourceQuality "1"]
[TimeControl "40/5400+30:1800+30"]

1. e4 c6 2. Nc3 d5 3. Nf3 g6 4. d4 Bg7 5. h3 dxe4 6. Nxe4 Nf6 7. Bd3 O-O 8. c3 Nbd7 9. Nxf6+ exf6 10. O-O Re8 11. Bf4 Nf8 12. Qd2 b6 13. Rad1 Bb7 14. Bc2 Ne6 15. Bg3 Qd7 16. Rfe1 Rad8 17. Bb3 b5 18. Qc1 Qc8 19. c4 Qa8 20. c5 Qc8 21. Qc3 Bf8 22. Nh2 h5 23. f4 Ng7 24. Bf2 Qc7 25. Qf3 Rxe1+ 26. Rxe1 Nf5 27. Rd1 Bh6 28. g4 Bxf4 29. gxf5 Bxh2+ 30. Kg2 Kg7 31. Re1 g5 32. Qxh5 Bf4 33. Re4 Rh8 34. Qe2 Qd7 35. Re7 Qxf5 36. Rxf7+ Kh6 37. Qe7 Kg6 38. Bc2 Qxc2 39. Rxf6+ Kh5 40. Qf7+ Qg6 41. Qxg6# 1-0

[Event "NED-ch U16 Youth 2019"]
[Site "Assen"]
[Date "2019.05.01"]
[Round "4.3"]
[White "Albers, Sasa"]
[Black "Hilwerda, Jonas"]
[Result "1/2-1/2"]
[ECO "C90"]
[WhiteElo "1690"]
[BlackElo "2312"]
[Annotator "NA"]
[PlyCount "98"]
[EventDate "2019.04.28"]
[EventType "swiss"]
[EventCountry "NED"]
[SourceTitle "playchess.com"]
[Source "ChessBase"]
[SourceQuality "1"]
[TimeControl "40/5400+30:1800+30"]

1. e4 e5 2. Nf3 Nc6 3. Bb5 a6 4. Ba4 Nf6 5. O-O Be7 6. Re1 b5 7. Bb3 d6 8. c3 O-O 9. d3 Na5 10. Bc2 c5 11. Nbd2 Nc6 12. Nf1 h6 13. Ng3 {[%emt 0:00:34] C90: Closed Ruy Lopez with 7...d6: Early deviations} (13. Ne3 Be6 14. d4 cxd4 15. cxd4 Nxd4 16. Nxd4 exd4 17. Qxd4 Rc8 18. Bb3 Nd7 19. Nd5 Bxd5 20. Qxd5 Nc5 {½-½ (54) Carlsen,M (2850)-Svidler,P (2727) Berlin 2015}) 13... Be6 14. a4 Qc7 15. h3 {[%emt 0:07:24] [#]} b4 $146 ({Predecessor:} 15... Rab8 16. axb5 axb5 17. Bd2 Rfe8 18. Nh2 d5 19. exd5 Nxd5 {1-0 (63) Hamdouchi,H (2613)-Degraeve,J (2563) Nancy 2013}) 16. Nh2 d5 17. Ng4 dxe4 18. Nxf6+ Bxf6 19. Nxe4 Be7 20. Re3 f5 21. Nd2 $17 Bg5 22. Re1 Rad8 23. Bb3 Qf7 24. Bxe6 Qxe6 25. Nc4 Bxc1 26. Rxc1 Qd5 27. Qe2 Rfe8 28. Rcd1 Rb8 29. f4 exf4 30. Qxe8+ Rxe8 31. Rxe8+ Kf7 32. Ree1 g5 33. Rf1 Ne7 34. Nd2 bxc3 35. bxc3 Qxd3 36. Nf3 Qxc3 37. Rfe1 Nc6 38. Rd7+ Kf8 39. Re6 Nd4 40. Nxd4 cxd4 41. Red6 Qa1+ 42. Kh2 Qxa4 43. Ra7 Qa5 44. Rc6 Qd8 45. Rcxa6 Qd5 46. Ra8+ Kf7 47. R8a7+ Ke8 48. Rg6 d3 49. Rgg7 f3 1/2-1/2

[Event "NED-ch U16 Youth 2019"]
[Site "Assen"]
[Date "2019.05.01"]
[Round "4.4"]
[White "Maters, Arthur"]
[Black "Cchung, Chi Yun"]
[Result "1/2-1/2"]
[ECO "B41"]
[WhiteElo "2043"]
[BlackElo "1836"]
[Annotator "NA"]
[PlyCount "103"]
[EventDate "2019.04.28"]
[EventType "swiss"]
[EventCountry "NED"]
[SourceTitle "playchess.com"]
[Source "ChessBase"]
[SourceQuality "1"]
[TimeControl "40/5400+30:1800+30"]

1. e4 c5 2. Nf3 e6 3. d4 cxd4 4. Nxd4 a6 5. Qd3 Nf6 6. Be2 Qc7 7. O-O Nc6 8. Nxc6 dxc6 9. c4 e5 10. Nc3 Be7 11. Qg3 h5 12. Bg5 Ng4 13. Bxe7 Qxe7 14. Bxg4 hxg4 15. f3 Rh4 16. f4 exf4 17. Qxf4 Be6 18. b3 O-O-O 19. Nd5 Bxd5 20. cxd5 Rdh8 21. dxc6 Qc5+ 22. Qf2 Qxf2+ 23. Kxf2 bxc6 24. Kg3 f6 25. e5 fxe5 26. Rf7 Rxh2 27. Rd1 R2h6 28. Rdd7 Rf6 29. Rxg7 Re6 30. Kxg4 e4 31. Rc7+ Kb8 32. Rb7+ Ka8 33. Ra7+ Kb8 34. Rgb7+ Kc8 35. Ra8+ Kxb7 36. Rxh8 e3 37. Rh1 Kb6 38. Rc1 Kb5 39. Kf3 Kb4 40. Re1 Rd6 41. Rxe3 Ka3 42. Re2 a5 43. g4 c5 44. g5 a4 45. bxa4 c4 46. a5 c3 47. Rc2 Kb4 48. Ke3 Rd5 49. g6 Rg5 50. Kd3 Rxg6 51. a3+ Kxa5 52. Ke4 1/2-1/2

[Event "NED-ch U16 Youth 2019"]
[Site "Assen"]
[Date "2019.05.01"]
[Round "4.5"]
[White "Albertus, Bram"]
[Black "Honkoop, Gilian"]
[Result "0-1"]
[ECO "D30"]
[WhiteElo "1887"]
[BlackElo "2038"]
[Annotator "NA"]
[PlyCount "98"]
[EventDate "2019.04.28"]
[EventType "swiss"]
[EventCountry "NED"]
[SourceTitle "playchess.com"]
[Source "ChessBase"]
[SourceQuality "1"]
[TimeControl "40/5400+30:1800+30"]

1. c4 Nf6 2. g3 e6 3. Bg2 d5 4. Nf3 Be7 5. O-O O-O 6. d4 dxc4 7. Qc2 c6 8. Qxc4 b5 9. Qc2 Bb7 10. Nc3 Nbd7 11. Rd1 Rc8 12. a3 c5 13. dxc5 Bxc5 14. e3 Qb6 15. b4 Bd6 16. Qb3 Ne5 17. Nxe5 Bxe5 18. Bb2 Bxg2 19. Kxg2 Bxc3 20. Bxc3 Qc6+ 21. Kf1 Qxc3 22. Qxc3 Rxc3 23. Ke2 Rc2+ 24. Rd2 Rxd2+ 25. Kxd2 Rd8+ 26. Ke2 Rc8 27. Rd1 Kf8 28. Rd6 Nd5 29. Ra6 Rc7 30. Kd3 Ke7 31. e4 Nf6 32. f3 Nd7 33. f4 Nb8 34. Ra5 Rb7 35. a4 Nc6 36. Rxb5 Rxb5 37. axb5 Nb8 38. g4 Kd6 39. Kd4 Nd7 40. Kc4 Kc7 41. h3 Kb6 42. f5 h6 43. h4 Nf6 44. g5 hxg5 45. hxg5 Nxe4 46. fxe6 fxe6 47. g6 Nf6 48. Kd4 Nd7 49. Kc4 Nf8 0-1

[Event "NED-ch U16 Youth 2019"]
[Site "Assen"]
[Date "2019.05.01"]
[Round "4.6"]
[White "Roothaan, Elmar"]
[Black "Shakhverdian, William"]
[Result "0-1"]
[ECO "D02"]
[WhiteElo "1711"]
[BlackElo "1949"]
[Annotator "NA"]
[PlyCount "67"]
[EventDate "2019.04.28"]
[EventType "swiss"]
[EventCountry "NED"]
[SourceTitle "playchess.com"]
[Source "ChessBase"]
[SourceQuality "1"]
[TimeControl "40/5400+30:1800+30"]

1. Nf3 Nf6 2. d4 e6 3. Bf4 d5 4. e3 c5 5. c3 Nc6 6. Nbd2 b6 7. Bb5 Bd7 8. Bd3 Be7 9. h4 a6 10. Ne5 h5 11. Ndf3 Nxe5 12. Nxe5 c4 13. Bc2 Rc8 14. f3 Bc6 15. Bg6 fxg6 16. Qc2 Kf8 17. Nxg6+ Kg8 18. O-O-O Rh7 19. g4 hxg4 20. fxg4 Ne4 21. g5 Be8 22. Ne5 Bh5 23. Rdf1 Qe8 24. Qg2 Bg6 25. h5 Rxh5 26. Rxh5 Bxh5 27. g6 Bd6 28. Nf7 Bxf4 29. Rxf4 Qa4 30. Rf1 Qxa2 31. Qh3 Qa1+ 32. Kc2 Bd1+ 33. Rxd1 Qxd1+ 34. Kxd1 0-1

[Event "NED-ch U16 Youth 2019"]
[Site "Assen"]
[Date "2019.05.01"]
[Round "4.8"]
[White "Gevorkjan, Lewon"]
[Black "Broersma, Sven"]
[Result "1-0"]
[ECO "E60"]
[WhiteElo "1808"]
[BlackElo "1617"]
[Annotator "NA"]
[PlyCount "57"]
[EventDate "2019.04.28"]
[EventType "swiss"]
[EventCountry "NED"]
[SourceTitle "playchess.com"]
[Source "ChessBase"]
[SourceQuality "1"]
[TimeControl "40/5400+30:1800+30"]

1. Nf3 Nf6 2. d4 g6 3. c4 c5 4. Nc3 cxd4 5. Nxd4 Bg7 6. g3 O-O 7. Bg2 a6 8. O-O Qc7 9. e4 d6 10. Be3 Ng4 11. Nd5 Nxe3 12. Nxc7 Nxd1 13. Nxa8 Nxb2 14. Nb3 Nxc4 15. Rac1 b5 16. Nc7 e6 17. Rfd1 Nd7 18. Nd2 Ndb6 19. Nxc4 Nxc4 20. Bf1 Bb7 21. Bxc4 bxc4 22. Rxc4 Rc8 23. Rb1 Bxe4 24. Nxe6 fxe6 25. Rxc8+ Kf7 26. Rb4 d5 27. f4 a5 28. Rb7+ Kf6 29. Rcc7 1-0

[Event "NED-ch U16 Youth 2019"]
[Site "Assen"]
[Date "2019.05.02"]
[Round "5.1"]
[White "Grutter, Tim"]
[Black "Bruil, Rembrandt"]
[Result "1-0"]
[ECO "B23"]
[WhiteElo "2029"]
[BlackElo "2178"]
[Annotator "NA"]
[PlyCount "73"]
[EventDate "2019.04.28"]
[EventType "swiss"]
[EventCountry "NED"]
[SourceTitle "playchess.com"]
[Source "ChessBase"]
[SourceQuality "1"]
[TimeControl "40/5400+30:1800+30"]

1. e4 c5 2. Nc3 Nc6 3. Bb5 Nd4 4. Bc4 d6 5. Nge2 g6 6. Nxd4 cxd4 7. Ne2 Bg7 8. d3 e5 9. O-O Nf6 10. f4 O-O 11. Qe1 a6 (11... Be6 $11) 12. Qh4 $14 Qb6 13. fxe5 dxe5 14. Bg5 Ng4 15. Be7 Bd7 16. Bxf8 Rxf8 17. Rxf7 Rxf7 18. Qe7 Qf6 19. Qxd7 Ne3 20. Qxf7+ Qxf7 21. Bxf7+ Kxf7 22. c3 Ke7 23. Rc1 Kd7 24. h3 Bf6 25. Kf2 h5 26. cxd4 exd4 27. Nf4 Bg5 28. Kf3 Nxg2 29. Kxg2 Bxf4 30. Rf1 Bg5 31. Rf7+ Be7 32. Rg7 g5 33. Rh7 h4 34. Kf3 Ke6 35. Kg4 b5 36. Rxe7+ Kxe7 37. Kxg5 1-0

[Event "NED-ch U16 Youth 2019"]
[Site "Assen"]
[Date "2019.05.02"]
[Round "5.2"]
[White "Hilwerda, Jonas"]
[Black "Shakhverdian, William"]
[Result "1-0"]
[ECO "C48"]
[WhiteElo "2312"]
[BlackElo "1949"]
[Annotator "NA"]
[PlyCount "101"]
[EventDate "2019.04.28"]
[EventType "swiss"]
[EventCountry "NED"]
[SourceTitle "playchess.com"]
[Source "ChessBase"]
[SourceQuality "1"]
[TimeControl "40/5400+30:1800+30"]

1. e4 e5 2. Nf3 Nc6 3. Nc3 Nf6 4. Bb5 Bc5 5. O-O d6 6. d4 exd4 7. Nxd4 Bd7 8. Nf5 Bxf5 {[%emt 0:02:21] C48: Four Knights: 4 Bb5, replies other than 4...Bb4} 9. exf5 O-O 10. Bg5 Nd4 (10... h6 11. Bh4 Nd4 12. Bd3 d5 13. Bxf6 Qxf6 14. Nxd5 Qg5 15. b4 Rad8 16. c4 {½-½ (25) Nitin,S (2428)-Romanov,E (2644) Graz 2017}) 11. Ne4 $146 ({Predecessor:} 11. Bd3 d5 12. Bxf6 gxf6 13. Na4 Qd6 14. Qg4+ Kh8 15. Qh4 Kg7 16. Rfd1 Rfe8 17. Qg4+ Kh8 18. Qh4 Kg7 19. Qg4+ Kh8 20. Qh4 Kg7 {½-½ (20) Badev,K (2348)-Petkov,V (2498) Albena 2010}) 11... Nxb5 12. Nxf6+ gxf6 13. Bh6 Kh8 14. Bxf8 Qxf8 {[%emt 0:00:07] [#]} 15. a4 $1 Nd4 {[%emt 0:02:28] [#]} 16. b4 $1 Nxf5 (16... Re8 $16) 17. bxc5 dxc5 18. Rb1 (18. Qd5 $18 {has better winning chances.} Nd4 19. Qxb7) 18... b6 19. c3 $16 Qg7 20. Kh1 Rg8 21. g3 Qh6 22. Qf3 Qh3 23. Rfe1 Rg6 24. Re4 Nd6 25. Re2 Rh6 26. Qg2 Qg4 27. f3 Qc4 28. Re7 Qd3 29. Rc1 Nf5 30. Re8+ Kg7 31. Qf2 Qd6 32. Kg2 Rg6 33. Rce1 Qd3 34. R1e4 Qxc3 35. Ra8 a5 36. Ra7 Nd6 37. Re3 Qd4 38. Rxc7 Qxa4 39. Ree7 Qc4 40. Qd2 Nf5 41. Rxf7+ Qxf7 42. Rxf7+ Kxf7 43. Qd5+ Ke7 44. Qxf5 Kd6 45. Kf2 Kc6 46. Ke3 a4 47. Kd3 Kb5 48. Kc3 Rg8 49. Qd7+ Ka5 50. Kc4 Ka6 51. Qxa4+ 1-0

[Event "NED-ch U16 Youth 2019"]
[Site "Assen"]
[Date "2019.05.02"]
[Round "5.3"]
[White "Elgersma, Onno"]
[Black "Cchung, Chi Yun"]
[Result "0-1"]
[ECO "B41"]
[WhiteElo "2174"]
[BlackElo "1836"]
[Annotator "NA"]
[PlyCount "148"]
[EventDate "2019.04.28"]
[EventType "swiss"]
[EventCountry "NED"]
[SourceTitle "playchess.com"]
[Source "ChessBase"]
[SourceQuality "1"]
[TimeControl "40/5400+30:1800+30"]

1. e4 c5 2. Nf3 e6 3. d4 cxd4 4. Nxd4 a6 5. c4 Nf6 6. Nc3 Bb4 7. Qd3 d5 8. exd5 exd5 9. Be2 O-O 10. O-O Nc6 11. Nxc6 bxc6 12. Bf3 a5 13. a3 $15 Bd6 14. Rd1 Ba6 15. b3 Be5 16. Bb2 dxc4 17. Qf5 Qc7 18. b4 Bc8 19. Qg5 Bxh2+ 20. Kh1 Bf4 21. Qc5 Qa7 22. Qxc4 Qxf2 23. Qxf4 Qxb2 24. Na4 Qf2 25. Rf1 Qc2 26. Nb6 Ra6 27. Qc7 Bg4 28. b5 Rxb6 29. Qxb6 cxb5 30. Qxb5 Qg6 31. Qe2 Re8 32. Qf2 Bxf3 33. Qxf3 Ng4 34. Qh3 Re5 35. Rad1 h6 36. Rd8+ Kh7 37. Qd3 f5 38. Rf8 Qh5+ 39. Qh3 Qg6 40. Qb3 Qh5+ 41. Qh3 Qg5 42. Qg3 Re3 43. Qb8 Qh4+ 44. Kg1 Re5 45. Rh8+ Kg6 46. Rxh6+ Qxh6 47. Qd6+ Kh7 48. Qxh6+ Kxh6 49. Rb1 Kg5 50. a4 Re4 51. Ra1 f4 52. Kf1 Kh4 53. Ra3 Re3 54. Ra2 Kg3 55. Ra1 f3 56. gxf3 Nh2+ 57. Kg1 Nxf3+ 58. Kf1 Re1+ 59. Rxe1 Nxe1 60. Kxe1 Kf3 61. Kd2 g5 62. Kc3 g4 63. Kc4 g3 64. Kb5 g2 65. Kxa5 g1=Q 66. Ka6 Qg8 67. Kb7 Qf7+ 68. Ka6 Qe8 69. a5 Qa8+ 70. Kb6 Ke4 71. a6 Ke5 72. a7 Kd6 73. Ka6 Kc5 74. Ka5 Qxa7# 0-1

[Event "NED-ch U16 Youth 2019"]
[Site "Assen"]
[Date "2019.05.02"]
[Round "5.4"]
[White "Honkoop, Gilian"]
[Black "Albers, Sasa"]
[Result "1-0"]
[ECO "A47"]
[WhiteElo "2038"]
[BlackElo "1690"]
[Annotator "NA"]
[PlyCount "111"]
[EventDate "2019.04.28"]
[EventType "swiss"]
[EventCountry "NED"]
[SourceTitle "playchess.com"]
[Source "ChessBase"]
[SourceQuality "1"]
[TimeControl "40/5400+30:1800+30"]

1. d4 Nf6 2. Bf4 e6 3. e3 b6 4. Nf3 h6 5. h3 Bb7 6. Be2 c5 7. O-O Be7 8. c4 O-O 9. Nc3 cxd4 10. Nxd4 d6 11. Bg3 Nc6 12. Bf3 Qd7 $11 13. Rc1 Rac8 14. b3 Rfd8 15. e4 Ne5 16. Re1 Nxf3+ 17. Qxf3 a6 18. Qe2 Qc7 19. Kh1 Qc5 20. Qe3 Nh7 21. f4 Bf6 22. Bf2 Bxd4 23. Qxd4 Nf6 24. Qd2 Qc7 25. Qe3 Nd7 26. Qg3 e5 27. Be3 Kh7 28. Qf2 Nc5 29. Rcd1 exf4 30. Bxf4 Rd7 31. Be3 Nxe4 32. Nxe4 Bxe4 33. Bxb6 Qc6 34. Bd4 Re8 35. Qg3 f6 36. Rd2 Rde7 37. Red1 d5 38. cxd5 Bxd5 39. Bg1 Re5 40. Qd3+ Be4 41. Qd7 Qa8 42. Rc1 Rg5 43. Rc7 Ree5 44. h4 Rg6 45. Kh2 Bxg2 46. Bf2 Qf3 47. Qd3 Rd5 48. Qxf3 Bxf3 49. Rxd5 Rg2+ 50. Kh3 Bxd5 51. Bd4 Kg6 52. Rc5 Be4 53. Ra5 Rd2 54. Bb6 Bd3 55. Be3 Bb5 56. Bxd2 1-0

[Event "NED-ch U16 Youth 2019"]
[Site "Assen"]
[Date "2019.05.02"]
[Round "5.5"]
[White "Gevorkjan, Lewon"]
[Black "Maters, Arthur"]
[Result "1-0"]
[ECO "D93"]
[WhiteElo "1808"]
[BlackElo "2043"]
[Annotator "NA"]
[PlyCount "79"]
[EventDate "2019.04.28"]
[EventType "swiss"]
[EventCountry "NED"]
[SourceTitle "playchess.com"]
[Source "ChessBase"]
[SourceQuality "1"]
[TimeControl "40/5400+30:1800+30"]

1. d4 Nf6 2. c4 g6 3. Nc3 d5 4. Nf3 Bg7 5. Bf4 O-O 6. Rc1 c6 7. e3 a5 8. h3 Na6 9. a3 dxc4 10. Bxc4 b5 11. Be2 Bb7 12. O-O Rc8 $16 13. Bh2 Qb6 14. Qd3 Rfd8 15. Ne5 Nc7 16. Qc2 e6 17. Bf3 Ncd5 18. Nd3 Nd7 19. Ne4 Bf8 20. Nd6 c5 21. Nxc8 Rxc8 22. dxc5 Nxc5 23. Nxc5 Bxc5 24. Qb1 b4 25. axb4 Qxb4 26. Bxd5 Bxd5 27. Bd6 Bxd6 28. Rxc8+ Kg7 29. Qc2 Be5 30. f4 Bf6 31. Qc5 Qxc5 32. Rxc5 a4 33. Rf2 h5 34. Rd2 h4 35. Ra5 Bb3 36. e4 e5 37. fxe5 Be7 38. Rd3 Bc2 39. Rd4 Bg5 40. Rdxa4 1-0

[Event "NED-ch U16 Youth 2019"]
[Site "Assen"]
[Date "2019.05.02"]
[Round "5.7"]
[White "Roothaan, Elmar"]
[Black "Albertus, Bram"]
[Result "1/2-1/2"]
[ECO "A90"]
[WhiteElo "1711"]
[BlackElo "1887"]
[Annotator "NA"]
[PlyCount "67"]
[EventDate "2019.04.28"]
[EventType "swiss"]
[EventCountry "NED"]
[SourceTitle "playchess.com"]
[Source "ChessBase"]
[SourceQuality "1"]
[TimeControl "40/5400+30:1800+30"]

1. d4 f5 2. g3 Nf6 3. Bg2 e6 4. c4 d5 5. a3 c6 6. Nh3 Bd6 7. O-O Nbd7 8. Bf4 Bxf4 9. Nxf4 Qe7 10. Nd2 g5 11. Nd3 Qg7 12. cxd5 exd5 13. Nf3 g4 14. Nh4 Nf8 15. Qd2 Bd7 16. Ne5 O-O-O 17. Nxd7 Qxd7 18. Qg5 Ne4 19. Qxf5 Ng6 20. Bxe4 dxe4 21. Nxg6 hxg6 22. Qxd7+ Rxd7 23. Rad1 Rdh7 24. h4 g5 25. Kg2 gxh4 26. gxh4 Rxh4 27. Rh1 Rh3 28. e3 Kc7 29. Rxh3 Rxh3 30. d5 Rf3 31. dxc6 Kxc6 32. Rc1+ Kd6 33. Rc3 a6 34. a4 1/2-1/2